cohdb
Replays
Latest Replays
All Replays
Popular Replays
Top Player Replays
Match Explorer
How It Works
Community
CoH3 Stats
Reddit
Sign in to upload your games and track your stats! →
Sign in with Steam
Match 41011969
Unlisted
Match 41011969
Overview
Messages
Build Orders
End
Vickers Machine Gun Team
Construct Section Command Post
Selects Canadian Shock Battlegroup
Dingo Light Scout Car
Infantry Section
Infantry Section
Infantry Section
Royal Engineer Section
Selects Attacking Spirit
Selects Canadian Shock Section
Construct Platoon Command Post
6-pounder Anti-tank Gun Team
Selects Incendiary Munitions
6-pounder Anti-tank Gun Team
Infantry Training
Grenade Package
Selects Pyrotechnics
Construct Company Command Post
Canadian Shock Section
Unlock Bishop Self-propelled Artillery
Bishop Self-propelled Artillery
Ted 'Seaman' Silk
Thomas Smooth
lattouf
HelpingHans
0
0
Comments
sign in to comment!
No comments posted yet!